 Dungeon Crawl Stone Soup version 0.15.0-23-gc2b521c (webtiles) character file.

193 Charly the Charlatan (level 5, -7/45 HPs)
             Began as a Deep Dwarf Gladiator on Sept 7, 2014.
             Mangled by Grinder the hell beast (19 damage)
             ... on Level 4 of the Dungeon.
             The game lasted 00:04:13 (335 turns).

Charly the Charlatan (Deep Dwarf Gladiator)          Turns: 335, Time: 00:04:13

HP  -7/45        AC  4     Str 20      XL: 5   Next: 44%
MP   9/9         EV 12     Int  8      God:
Gold 2           SH  0     Dex 13      Spells:  0 memorised,  4 levels left

rFire  . . .     SeeInvis .     a - +0 war axe
rCold  . . .     Clarity  .     b - +0 leather armour
rNeg   . . .     rCorr    .     (no shield)
rPois  .         rRot     .     c - +0 helmet
rElec  .         Spirit   .     (no cloak)
SustAb .         Warding  .     (no gloves)
rMut   .         Stasis   .     (no boots)
Gourm  .                        (no amulet)
MR     .....                    (no ring)
                                (no ring)

@: non-regenerating, not resistant to hostile enchantments, very unstealthy
A: damage resistance, recharge devices, sense surroundings 1, slow healing 3
a: Device Recharging


You were on level 4 of the Dungeon.
You were not hungry.

You visited 1 branch of the dungeon, and saw 4 of its levels.

You collected 2 gold pieces.

Inventory:

Hand weapons
 a - a +0 war axe (weapon)
Armour
 b - a +0 leather armour (worn)
 c - a +0 helmet (worn)
Magical devices
 d - a wand of random effects (3)
 e - a wand of heal wounds (2)
Comestibles
 f - a bread ration
 i - a meat ration
Scrolls
 j - a scroll of identify {unknown}
Potions
 g - a potion of agility {unknown}
 h - a potion of flight {unknown}


   Skills:
 - Level 1.7 Fighting
 + Level 5.2 Axes
 - Level 1.7 Throwing
 - Level 3.2 Dodging
 + Level 5.3 Evocations


You had 4 spell levels left.
You didn't know any spells.

Dungeon Overview and Level Annotations

Branches:
Dungeon (4/15)
 Temple: D:4-7

Altars:

Annotations:
D:4 Grinder


Innate Abilities, Weirdness & Mutations

You are resistant to damage.
You can recharge devices by infusing magical energy.
You passively map a small area around you.
You do not heal naturally.


Message History

Grinder evaporates and reforms as a hell beast!
You slash Grinder!
Grinder is severely wounded.
Grinder bites you!!
* * * LOW HITPOINT WARNING * * *
Grinder closely misses you.
Evoke which item? (* to show all) (? for menu, Esc to quit)
Zapping:
e - a wand of heal wounds (3)
Press: ? - help, Shift-Dir - straight line, f - you, p - Grinder You feel much better.
This wand has 2 charges left.
Grinder bites you but does no damage. Grinder barely misses you.
You barely miss Grinder.
Grinder is severely wounded.
Grinder bites you. Grinder tramples you!
* * * LOW HITPOINT WARNING * * *
You hold your ground!
Grinder bites you. Grinder barely misses you.
You hit Grinder.
Grinder is almost dead.
Grinder bites you!!
You die...

#......# #.####.# #.# #.# *
#.# #.# . ,, * #.# #.# #..
#.# #.# #... #.# #.# ###
#.... * #)####.# #.#
**##.....#######@...#.####.##
.o..........o2<...........#
##......#########.####.#.##
#...... #.# #.#.# #...... #.#
#.#.# , ###.##. #.. ..#.# #.
#. ### ###.# # #. #.# 5. ,
#.#


You could see Grinder the hell beast and an orc.

Vanquished Creatures
  Edmund (D:4)
  An orc priest (D:4)
  3 adders (D:2)
  A worm (D:2)
  3 orcs (D:4)
  A giant cockroach (D:2)
  3 goblins
  A hobgoblin (D:3)
  3 kobolds
17 creatures vanquished.

Notes
Turn   | Place    | Note
--------------------------------------------------------------
     0 | D:1      | Charly, the Deep Dwarf Gladiator, began the quest for the Orb.
     0 | D:1      | Reached XP level 1. HP: 19/19 MP: 1/1
    89 | D:2      | Reached skill level 1 in Evocations
   106 | D:2      | Reached XP level 2. HP: 5/26 MP: 2/2
   159 | D:2      | Reached XP level 3. HP: 28/32 MP: 2/4
   178 | D:2      | Reached skill level 4 in Axes
   214 | D:4      | Noticed Edmund
   233 | D:4      | Killed Edmund
   233 | D:4      | Reached skill level 5 in Axes
   233 | D:4      | Reached skill level 5 in Evocations
   233 | D:4      | Reached XP level 4. HP: 28/39 MP: 5/7
   233 | D:4      | Reached XP level 5. HP: 32/45 MP: 6/9
   262 | D:4      | Noticed Grinder
   298 | D:4      | Paralysed by Grinder for 6 turns
   305 | D:4      | Paralysed by Grinder for 7 turns
   331 | D:4      | Noticed Grinder
   331 | D:4      | Grinder changed into Grinder the hell beast
   332 | D:4      | HP: 1/45 [Grinder the hell beast (16)]
   335 | D:4      | Mangled by Grinder the hell beast

Action                   |  1- 3 |  4- 6 || total
-------------------------+-------+-------++-------
Melee: War axe           |    64 |    21 ||    85
Throw: Throwing net      |     5 |       ||     5
Evoke: Wand              |     1 |     8 ||     9
 Stab: Held in net/web   |     6 |       ||     6
